Workbook

Sheet Multiyear Budgets
B1: USATF Pacific 2024-2027 Budgets & Results
D2: 2024 | H2: 2025 | M2: 2026 | R2: 2027 | W2: =TODAY() -> 46278
A3: Line No. | C3: Quickbooks Account Name | D3: Budget 2024 | E3: Subtotals & Sums | F3: Actual 2024 | G3: Subtotals & Sums | H3: Budget 2025 | I3: Subtotals & Sums | J3: Actual 2025 | K3: Subtotals & Sums | L3: Delta v. Budget | M3: Budget Request 2026 | N3: Subtotals & Sums | O3: Projected Actual 2026 | P3: Subtotals & Sums | Q3: Delta v. Req. | R3: Budget Request 2027 | S3: Budget Req. | T3: Subtotals & Sums | U3: Adopted Budget 2027 | V3: Subtotals & Sums | W3: Comments
F4: 2025 | J4: 2025
A5: 1 | B5: INCOME
A6: =A5+1 -> 2 | B6: ADMINISTRATION
A7: =A6+1 -> 3 | B7: Dividends | C7: INVESTMENTS | D7: 20184 | F7: 97623 | H7: 34300 | J7: 40000 | L7: =IF(H7=0, "n/a",(J7-H7)/H7) -> 0.16618076 | M7: 35000 | O7: 50000 | Q7: =IF(M7=0, "n/a",(O7-M7)/M7) -> 0.42857143 | R7: 35000 | S7: x
A8: =A7+1 -> 4 | B8: Donations | C8: Donations | F8: 200 | W8: From donations during membership payment.
A9: =A8+1 -> 5 | B9: Misc | C9: Misc Inc | F9: 3051 | W9: Uncategorized Income
A10: =A9+1 -> 6 | B10: Grants | C10: GRANTS | D10: 7000 | F10: 5500 | J10: 5600 | L10: =IF(H10=0, "n/a",(J10-H10)/H10) -> n/a | M10: 0 | O10: 0 | Q10: =IF(M10=0, "n/a",(O10-M10)/M10) -> n/a | R10: 0 | S10: x | W10: Run, Jump, Throw and LDR in '25. A Total Station USATF grant in 2025.
A11: =A10+1 -> 7 | B11: Administration Subtotal | E11: =SUM(D6:D10) -> 27184 | G11: =SUM(F7:F10) -> 106374 | I11: =SUM(H7:H10) -> 34300 | K11: =SUM(J7:J10) -> 45600 | L11: =IF(I11=0, "n/a",(K11-I11)/I11) -> 0.32944606 | N11: =SUM(M7:M10) -> 35000 | P11: =SUM(O7:O10) -> 50000 | Q11: =IF(N11=0, "n/a",(P11-N11)/N11) -> 0.42857143 | T11: =SUM(R7:R10) -> 35000 | V11: =SUM(U7:U10) -> 0
A12: =A11+1 -> 8 | B12: MEMBERSHIPS
A13: =A12+1 -> 9 | B13: Clubs | C13: Club Mem Inc | D13: 9000 | F13: 11250 | H13: 9000 | J13: 9700 | L13: =IF(H13=0, "n/a",(J13-H13)/H13) -> 0.077777778 | M13: 9000 | O13: 11200 | Q13: =IF(M13=0, "n/a",(O13-M13)/M13) -> 0.24444444 | R13: 9000 | S13: x
A14: =A13+1 -> 10 | B14: Individuals | C14: Members Athlete | D14: 80000 | F14: 106462.43 | H14: 103000 | J14: 97000 | L14: =IF(H14=0, "n/a",(J14-H14)/H14) -> -0.058252427 | M14: 103000 | O14: 126000 | Q14: =IF(M14=0, "n/a",(O14-M14)/M14) -> 0.22330097 | R14: 103000 | S14: x
A15: =A14+1 -> 11 | B15: Memberships Subtotal | E15: =SUM(D12:D14) -> 89000 | G15: =SUM(F13:F14) -> 117712.43 | I15: =SUM(H13:H14) -> 112000 | K15: =SUM(J13:J14) -> 106700 | L15: =IF(I15=0, "n/a",(K15-I15)/I15) -> -0.047321429 | N15: =SUM(M13:M14) -> 112000 | P15: =SUM(O13:O14) -> 137200 | Q15: =IF(N15=0, "n/a",(P15-N15)/N15) -> 0.225 | T15: =SUM(R13:R14) -> 112000 | V15: =SUM(U13:U14) -> 0
A16: =A15+1 -> 12 | B16: SANCTIONS | C16: Sanction-local | D16: 15000 | F16: 18768.99 | H16: 15000 | J16: 15000 | L16: =IF(H16=0, "n/a",(J16-H16)/H16) -> 0 | M16: 15000 | O16: 20000 | Q16: =IF(M16=0, "n/a",(O16-M16)/M16) -> 0.33333333 | R16: 20000 | S16: x
A17: =A16+1 -> 13 | B17: EVENTS
A18: =A17+1 -> 14 | B18: Pacific Open T&F Champs | C18: OT&F MEET | W18: From 2023, part of Golden West Invitational (GWI)
A19: =A18+1 -> 15 | B19: Pacific Masters T&F Champs | C19: MASTERS MEET | D19: 6000 | F19: 6076.55 | H19: 7200 | J19: 0 | L19: =IF(H19=0, "n/a",(J19-H19)/H19) -> -1 | Q19: =IF(M19=0, "n/a",(O19-M19)/M19) -> n/a | W19: Merged into GWI
A20: =A19+1 -> 16 | B20: Race Walking Champs | D20: 630 | F20: 115 | H20: 180 | J20: 260 | L20: =IF(H20=0, "n/a",(J20-H20)/H20) -> 0.44444444 | M20: 210 | O20: 125 | Q20: =IF(M20=0, "n/a",(O20-M20)/M20) -> -0.4047619 | R20: 455 | S20: x | W20: 1500m+1MILE+3000m
A21: =A20+1 -> 17 | B21: Race Walking : Extra Events | D21: 180 | F21: 180.24 | H21: 175 | J21: 175 | L21: =IF(H21=0, "n/a",(J21-H21)/H21) -> 0 | M21: 175 | O21: 175 | Q21: =IF(M21=0, "n/a",(O21-M21)/M21) -> 0 | W21: 1-hour/10km - Fall event
A22: =A21+1 -> 18 | B22: Pacific Open/Masters XC | C22: PAXC | D22: 11000 | F22: 18785 | H22: 6000 | J22: 15000 | L22: =IF(H22=0, "n/a",(J22-H22)/H22) -> 1.5 | M22: 15000 | O22: 15000 | Q22: =IF(M22=0, "n/a",(O22-M22)/M22) -> 0 | R22: 15000 | S22: x | W22: Fall event
A23: =A22+1 -> 19 | B23: Pacific Indoor Meets | D23: 30000 | F23: 24000 | H23: 100000 | J23: 65000 | L23: =IF(H23=0, "n/a",(J23-H23)/H23) -> -0.35 | M23: 85000 | O23: 83000 | Q23: =IF(M23=0, "n/a",(O23-M23)/M23) -> -0.023529412 | R23: 85000 | S23: x | W23: 4 indoor meets in Reno, spans two fiscal years.
A24: =A23+1 -> 20 | B24: Pacific College Club T&F Champs | C24: PAC/College Club | D24: 12500 | F24: 1628 | M24: 10000 | O24: 0 | W24: Adding Masters - did not occur.
A25: =A24+1 -> 21 | B25: 2024 USATF Masters T&F | D25: 25000 | F25: 17233.44
A26: =A25+1 -> 22 | B26: Non-Youth Events Subtotal | E26: =SUM(D18:D25) -> 85310 | G26: =SUM(F18:F25) -> 68018.23 | I26: =SUM(H18:H25) -> 113555 | K26: =SUM(J18:J25) -> 80435 | L26: =IF(I26=0, "n/a",(K26-I26)/I26) -> -0.29166483 | N26: =SUM(M18:M25) -> 110385 | P26: =SUM(O18:O25) -> 98300 | Q26: =IF(N26=0, "n/a",(P26-N26)/N26) -> -0.10948045 | T26: =SUM(R18:R25) -> 100455 | V26: =SUM(U18:U25) -> 0
A27: =A26+1 -> 23 | B27: YOUTH EVENTS
A28: =A27+1 -> 24 | B28: Pacific Youth T&F Champs (PAC) | C28: PAC | M28: 10000 | O28: 0
A29: =A28+1 -> 25 | B29: Pacific JO T&F (Top 8) | C29: PAJO | D29: 30000 | F29: 39203.4 | H29: 37500 | J29: 21500 | L29: =IF(H29=0, "n/a",(J29-H29)/H29) -> -0.42666667 | M29: 37250 | O29: 0 | Q29: =IF(M29=0, "n/a",(O29-M29)/M29) -> -1
A30: =A29+1 -> 26 | B30: Region 14 T&F (Top 5) | C30: JOREGION | D30: 20000 | F30: 21579.74 | M30: 26500 | O30: 40000 | R30: 43110 | S30: x | W30: Right size Revenue and Scope. Need to know where National Meet is.
A31: =A30+1 -> 27 | B31: Region 14 Combined Events | C31: MULTIS | D31: 3500 | F31: 4330 | J31: 3500 | L31: =IF(H31=0, "n/a",(J31-H31)/H31) -> n/a | M31: 4000 | O31: 4000 | Q31: =IF(M31=0, "n/a",(O31-M31)/M31) -> 0 | R31: 5000 | S31: x | W31: Right size Revenue and Scope. Need to know where National Meet is.
A32: =A31+1 -> 28 | B32: Pacific JO Cross Country | C32: PAXC | D32: 5000 | F32: 5430 | H32: 5000 | J32: 5000 | M32: 5000 | O32: 0
A33: =A32+1 -> 29 | B33: Region JO Cross Country | C33: REGION XC | D33: 5500 | H33: 6500 | J33: 6500 | M33: 0 | O33: 5000 | R33: 8000 | S33: x | W33: Big Increase projected. Need explanation.
A34: =A33+1 -> 30 | B34: Youth Events Subtotal | E34: =SUM(D27:D33) -> 64000 | G34: =SUM(F27:F33) -> 70543.14 | I34: =SUM(H27:H33) -> 49000 | K34: =SUM(J27:J33) -> 36500 | L34: =IF(I34=0, "n/a",(K34-I34)/I34) -> -0.25510204 | N34: =SUM(M27:M33) -> 82750 | P34: =SUM(O27:O33) -> 49000 | Q34: =IF(N34=0, "n/a",(P34-N34)/N34) -> -0.40785498 | T34: =SUM(R27:R33) -> 56110 | V34: =SUM(U27:U33) -> 0
A35: =A34+1 -> 31 | B35: COMMITTEES
A36: =A35+1 -> 32 | B36: Equipment | C36: Total Eq Rent Inc | J36: 0 | W36: Rental (e.g. Timing System, wind gauges, 2 Total Stations)
A37: =A36+1 -> 33 | B37: Awards--Banquet | D37: 5500 | F37: 3892.21 | H37: 4500 | J37: 3500 | L37: =IF(H37=0, "n/a",(J37-H37)/H37) -> -0.22222222 | O37: 2600 | Q37: =IF(M37=0, "n/a",(O37-M37)/M37) -> n/a
A38: =A37+1 -> 34 | B38: Officials
A39: =A38+1 -> 35 | B39: Annual Meeting | C39: Luncheon | F39: 3038.6 | H39: 2500 | J39: 2500 | L39: =IF(H39=0, "n/a",(J39-H39)/H39) -> 0 | M39: 2500 | O39: 2500 | Q39: =IF(M39=0, "n/a",(O39-M39)/M39) -> 0 | R39: 2500 | S39: x
A40: =A39+1 -> 36 | B40: Clinics | C40: Clinics | F40: 0 | H40: 0 | J40: 0 | M40: 0 | O40: 0 | R40: 0
A41: =A40+1 -> 37 | B41: Donations | C41: Off Don | F41: 0 | H41: 0 | J41: 0 | M41: 0 | O41: 0 | R41: 0
A42: =A41+1 -> 38 | B42: Member Official | C42: Member Official | D42: 0 | F42: 1856 | H42: 0 | J42: 0 | M42: 0 | O42: 0 | R42: 0
A43: =A42+1 -> 39 | B43: Officials Subtotal | E43: =SUM(D38:D41) -> 0 | G43: =SUM(F39:F42) -> 4894.6 | I43: =SUM(H39:H42) -> 2500 | K43: =SUM(J39:J42) -> 2500 | L43: =IF(I43=0, "n/a",(K43-I43)/I43) -> 0 | N43: =SUM(M39:M42) -> 2500 | P43: =SUM(O39:O42) -> 2500 | Q43: =IF(N43=0, "n/a",(P43-N43)/N43) -> 0 | T43: =SUM(R39:R42) -> 2500 | V43: =SUM(U39:U42) -> 0
A45: =A43+2 -> 41 | B45: TOTAL REVENUE | D45: =SUM(D6:D43) -> 285994 | F45: =SUM(F6:F43) -> 390203.6 | H45: =SUM(H5:H43) -> 330855 | J45: =SUM(J5:J43) -> 290235 | M45: =SUM(M6:M43) -> 357635 | O45: =SUM(O6:O43) -> 359600 | R45: =SUM(R6:R43) -> 326065
A47: =A45+2 -> 43 | B47: EXPENSES | C47: Expense
A48: =A47+1 -> 44 | B48: FOUNDATION | D48: 0 | F48: 2348.6 | H48: 0 | M48: 0 | R48: 0
A49: =A48+1 -> 45 | B49: ADMINISTRATION
A50: =A49+1 -> 46 | B50: Rent & Utilities | C50: Rent, Utilities | D50: 18406 | F50: 17143 | H50: 18406 | J50: 17206 | L50: =IF(H50=0, "n/a",(J50-H50)/H50) -> -0.065196132 | M50: 17206 | O50: 17206 | Q50: =IF(M50=0, "n/a",(O50-M50)/M50) -> 0 | R50: 17206 | S50: x | W50: Rent+Utils
A51: =A50+1 -> 47 | B51: Rental Insurance | C51: INSURANCE - Other | D51: 1000 | F51: 975.62 | H51: 1000 | J51: 1000 | L51: =IF(H51=0, "n/a",(J51-H51)/H51) -> 0 | M51: 1000 | O51: 1500 | Q51: =IF(M51=0, "n/a",(O51-M51)/M51) -> 0.5 | R51: 1500 | S51: x
A52: =A51+1 -> 48 | B52: Staff | C52: Staff Sal | D52: =67534*1.032 -> 69695.088 | F52: 69695 | H52: =(67534*1.032)*1.025 -> 71437.465 | J52: =(67534*1.032)*1.025 -> 71437.465 | L52: =IF(H52=0, "n/a",(J52-H52)/H52) -> 0 | M52: 72865.74 | O52: 72865.74 | Q52: =IF(M52=0, "n/a",(O52-M52)/M52) -> 0 | R52: 74688 | S52: x | W52: 2.0% Inflation Estimate, tied to COLA, est. 2.5%
A53: =A52+1 -> 49 | B53: Phone | C53: Phone | D53: 1500 | F53: 1248.51 | H53: 1500 | J53: 1500 | L53: =IF(H53=0, "n/a",(J53-H53)/H53) -> 0 | M53: 1500 | O53: 1200 | Q53: =IF(M53=0, "n/a",(O53-M53)/M53) -> -0.2 | R53: 1500 | S53: x
A54: =A53+1 -> 50 | B54: Postage | C54: POSTAGE | D54: 800 | F54: 313.56 | H54: 800 | J54: 800 | L54: =IF(H54=0, "n/a",(J54-H54)/H54) -> 0 | M54: 800 | O54: 800 | Q54: =IF(M54=0, "n/a",(O54-M54)/M54) -> 0 | R54: 800 | S54: x
A55: =A54+1 -> 51 | B55: Shipping | C55: Shipping | D55: 500 | F55: 34.3 | H55: 500 | J55: 500 | L55: =IF(H55=0, "n/a",(J55-H55)/H55) -> 0 | M55: 500 | O55: 500 | Q55: =IF(M55=0, "n/a",(O55-M55)/M55) -> 0 | R55: 500 | S55: x
A56: =A55+1 -> 52 | B56: Supplies | C56: SUPPLIES | D56: 300 | F56: 643 | H56: 300 | J56: 300 | L56: =IF(H56=0, "n/a",(J56-H56)/H56) -> 0 | M56: 300 | O56: 300 | Q56: =IF(M56=0, "n/a",(O56-M56)/M56) -> 0 | R56: 300 | S56: x
A57: =A56+1 -> 53 | B57: Tax Prep | C57: Tax & Prep | D57: 1000 | F57: 994.94 | H57: 1000 | J57: 1200 | L57: =IF(H57=0, "n/a",(J57-H57)/H57) -> 0.2 | M57: 1200 | O57: 1200 | Q57: =IF(M57=0, "n/a",(O57-M57)/M57) -> 0 | R57: 1200 | S57: x | W57: There is now a fee to submit taxes
A58: =A57+1 -> 54 | B58: Repairs | C58: Repairs | D58: 0 | F58: 0 | H58: 0 | J58: 0 | M58: 0 | O58: 0 | R58: 0 | S58: x
A59: =A58+1 -> 55 | B59: Miscellaneous/Equipment | C59: Off Equip | D59: 0 | F59: 250 | H59: 0 | J59: 0 | M59: 0 | O59: 1200 | R59: 0 | S59: x | W59: Computer Replacement
A60: =A59+1 -> 56 | B60: Internet | C60: INTERNET | F60: 1201.97 | J60: 1200 | M60: 1200 | O60: 1200 | R60: 1200 | S60: x
A61: =A60+1 -> 57 | B61: Software | C61: Quickbooks, Adobe | F61: 289.94 | O61: 840 | W61: Monthly fees
A62: =A61+1 -> 58 | B62: Bank Charges | C62: BANK | F62: 298
A63: =A62+1 -> 59 | B63: Misc General Expenses, Office Expenses | C63: Misc Gen Exp, Off Exp | F63: 764.98
A64: =A63+1 -> 60 | B64: Software Development | D64: 2000 | F64: 0 | H64: 0 | J64: 0 | M64: 0 | R64: 0
A65: =A64+1 -> 61 | B65: Administration Subtotal | E65: =SUM(D50:D64) -> 95201.088 | G65: =SUM(F50:F64) -> 93852.82 | I65: =SUM(H50:H64) -> 94943.465 | K65: =SUM(J50:J64) -> 95143.465 | L65: =IF(I65=0, "n/a",(K65-I65)/I65) -> 0.0021065168 | N65: =SUM(M50:M64) -> 96571.74 | P65: =SUM(O50:O64) -> 98811.74 | Q65: =IF(N65=0, "n/a",(P65-N65)/N65) -> 0.023195191 | T65: =SUM(R50:R64) -> 98894 | V65: =SUM(U50:U64) -> 0
A66: =A65+1 -> 62 | B66: MISCELLANEOUS
A67: =A66+1 -> 63 | B67: Board | C67: Board Exp | D67: 1000 | H67: 1000 | J67: 1000
A68: =A67+1 -> 64 | B68: Long Range Planning | C68: LRP Meeting | D68: 0 | F68: 253.94 | H68: 0 | J68: 0 | M68: 0 | R68: 0
A69: =A68+1 -> 65 | B69: Legal | D69: 0 | F69: 0 | H69: 0 | J69: 0 | M69: 0 | R69: 0
A70: =A69+1 -> 66 | B70: Miscellaneous Subtotal | E70: =SUM(D67:D69) -> 1000 | G70: =SUM(F67:F69) -> 253.94 | I70: =SUM(H67:H69) -> 1000 | K70: =SUM(J67:J69) -> 1000 | L70: =IF(I70=0, "n/a",(K70-I70)/I70) -> 0 | N70: =SUM(M67:M69) -> 0 | P70: =SUM(O67:O69) -> 0 | Q70: =IF(N70=0, "n/a",(P70-N70)/N70) -> n/a | T70: =SUM(R67:R69) -> 0 | V70: =SUM(U67:U69) -> 0
A71: =A70+1 -> 67 | B71: EVENTS
A72: =A71+1 -> 68 | B72: Pacific Open T&F Champs | C72: PA Open T&F | D72: 0
A73: =A72+1 -> 69 | B73: Pacific Masters T&F Champs | C73: PA Masters T&F | D73: 6000 | F73: 3293.61 | H73: 7200 | J73: 0 | L73: =IF(H73=0, "n/a",(J73-H73)/H73) -> -1 | Q73: =IF(M73=0, "n/a",(O73-M73)/M73) -> n/a | W73: Added to Golden West Invitational (GWI)
A74: =A73+1 -> 70 | B74: Race Walking Champs | D74: =1130+180 -> 1310 | F74: 1310 | H74: 1230 | J74: 1230 | L74: =IF(H74=0, "n/a",(J74-H74)/H74) -> 0 | M74: 1230 | O74: 1230 | Q74: =IF(M74=0, "n/a",(O74-M74)/M74) -> 0 | R74: 1340 | S74: x | W74: 20k road championship
A75: =A74+1 -> 71 | B75: Pacific Open/Masters XC | C75: PAXC, PAXCCHAMPS | D75: 10000 | F75: 7200 | J75: 8000 | L75: =IF(H75=0, "n/a",(J75-H75)/H75) -> n/a | M75: 8000 | O75: 8000 | Q75: =IF(M75=0, "n/a",(O75-M75)/M75) -> 0 | R75: 8000 | S75: x
A76: =A75+1 -> 72 | B76: Pacific Indoor Meets | D76: 30000 | F76: 34000 | H76: 100000 | J76: 65000 | L76: =IF(H76=0, "n/a",(J76-H76)/H76) -> -0.35 | M76: 85000 | O76: 83000 | Q76: =IF(M76=0, "n/a",(O76-M76)/M76) -> -0.023529412 | R76: 83000 | S76: x | W76: Flow through from Reno meets, spans two fiscal years, Dec-February
A77: =A76+1 -> 73 | B77: Pacific College Club T&F Champs | C77: COLLEGE CLUB | D77: 12500 | F77: 5119.6 | M77: 10000 | O77: 0 | W77: Combined PAC Championship Meet and College Club Meet
A78: =A77+1 -> 74 | B78: Non-Youth Event Subtotal | E78: =SUM(D72:D77) -> 59810 | G78: =SUM(F72:F77) -> 50923.21 | I78: =SUM(H72:H77) -> 108430 | K78: =SUM(J72:J77) -> 74230 | L78: =IF(I78=0, "n/a",(K78-I78)/I78) -> -0.31541086 | N78: =SUM(M72:M77) -> 104230 | P78: =SUM(O72:O77) -> 92230 | Q78: =IF(N78=0, "n/a",(P78-N78)/N78) -> -0.11513 | T78: =SUM(R72:R77) -> 92340 | V78: =SUM(U72:U77) -> 0
A79: =A78+1 -> 75 | B79: YOUTH EVENTS
A80: =A79+1 -> 76 | B80: Pacific Youth T&F Champs | C80: PAC | M80: 10000 | O80: 0 | W80: Resume as a USATF-PA event?
A81: =A80+1 -> 77 | B81: Pacific JO T&F (Top 8) | C81: PAJO | D81: 19850 | F81: 27182.56 | H81: 28750 | J81: 30000 | L81: =IF(H81=0, "n/a",(J81-H81)/H81) -> 0.043478261 | M81: 31150 | O81: 0 | Q81: =IF(M81=0, "n/a",(O81-M81)/M81) -> -1 | W81: Assume free facility, 75/day officials
A82: =A81+1 -> 78 | B82: Region 14 Combined Events | C82: MULTIS | D82: 3000 | F82: 3990 | H82: 0 | J82: 4700 | L82: =IF(H82=0, "n/a",(J82-H82)/H82) -> n/a | M82: 4750 | O82: 4000 | Q82: =IF(M82=0, "n/a",(O82-M82)/M82) -> -0.15789474 | R82: 4800 | S82: x | W82: Without Facility fee for 2025
A83: =A82+1 -> 79 | B83: Region 16 Combined Events
A84: =A83+1 -> 80 | B84: Region 14 T&F (Top 5) | C84: REGION 14 | D84: 20000 | F84: 16856.35 | M84: 25800 | O84: 35300 | R84: 35050 | S84: x
A85: =A84+1 -> 81 | B85: Pacific JO Cross Country | C85: CROSS COUNTRY | D85: 4000 | F85: 7950.17 | H85: 4400 | J85: 4400 | L85: =IF(H85=0, "n/a",(J85-H85)/H85) -> 0 | M85: 4400 | O85: 0 | Q85: =IF(M85=0, "n/a",(O85-M85)/M85) -> -1 | S85: x
A86: =A85+1 -> 82 | B86: XC Grand Prix | C86: CROSS COUNTRY | D86: 1650 | H86: 1650 | J86: 1650 | L86: =IF(H86=0, "n/a",(J86-H86)/H86) -> 0 | M86: 1650 | O86: 1650 | Q86: =IF(M86=0, "n/a",(O86-M86)/M86) -> 0 | R86: 1750 | S86: x
A87: =A86+1 -> 83 | B87: Region JO Cross Country | C87: REGION XC | D87: 4500 | H87: 4400 | J87: 4400 | L87: =IF(H87=0, "n/a",(J87-H87)/H87) -> 0 | O87: 4400 | Q87: =IF(M87=0, "n/a",(O87-M87)/M87) -> n/a | R87: 5700
A88: =A87+1 -> 84 | B88: National JO XC & Track (Tent) | D88: 2400 | F88: 3900 | H88: 3900 | J88: 3900 | L88: =IF(H88=0, "n/a",(J88-H88)/H88) -> 0 | M88: 2200 | O88: 2200 | Q88: =IF(M88=0, "n/a",(O88-M88)/M88) -> 0 | R88: 1500 | S88: x | W88: Tent Rental at National Event
A89: =A88+1 -> 85 | B89: Club Meet Grants | D89: 4000 | F89: 3990 | H89: 5000 | J89: 5000 | L89: =IF(H89=0, "n/a",(J89-H89)/H89) -> 0 | M89: 5000 | O89: 5000 | Q89: =IF(M89=0, "n/a",(O89-M89)/M89) -> 0 | R89: 4500 | S89: x
A90: =A89+1 -> 86 | B90: Youth Sports Banquet | M90: 5000 | O90: 0 | W90: Proposed new youth banquet event.
A91: =A90+1 -> 87 | B91: Specialized Clinic/Learn by Doing | D91: 3200 | H91: 3400 | J91: 3400 | L91: =IF(H91=0, "n/a",(J91-H91)/H91) -> 0 | M91: 2100 | O91: 0 | Q91: =IF(M91=0, "n/a",(O91-M91)/M91) -> -1 | R91: 2000 | S91: x | W91: Run, Jump, Throw
A92: =A91+1 -> 88 | B92: Youth Events Subtotal | E92: =SUM(D80:D91) -> 62600 | G92: =SUM(F80:F91) -> 63869.08 | I92: =SUM(H80:H91) -> 51500 | K92: =SUM(J80:J91) -> 57450 | L92: =IF(I92=0, "n/a",(K92-I92)/I92) -> 0.11553398 | N92: =SUM(M80:M91) -> 92050 | P92: =SUM(O80:O91) -> 52550 | Q92: =IF(N92=0, "n/a",(P92-N92)/N92) -> -0.42911461 | T92: =SUM(R80:R91) -> 55300 | V92: =SUM(U80:U91) -> 0
A93: =A92+1 -> 89 | B93: GRAND PRIX
A94: =A93+1 -> 90 | B94: Cross Country | C94: GP XC | D94: 8000 | F94: 8000 | H94: 8000 | J94: 8000 | L94: =IF(H94=0, "n/a",(J94-H94)/H94) -> 0 | M94: 8000 | O94: 8000 | Q94: =IF(M94=0, "n/a",(O94-M94)/M94) -> 0 | R94: 8000 | S94: x | W94: Prize money for 10 fall meets, based on points.
A95: =A94+1 -> 91 | B95: Race Walking | C95: GP Racewalk | F95: 212.83
A96: =A95+1 -> 92 | B96: Masters T&F | C96: MaT&F | D96: 1200 | F96: 1055 | J96: 1200 | M96: 1200 | O96: 1200 | R96: 1200 | S96: x
A97: =A96+1 -> 93 | B97: Road Racing | C97: GP Road Race | D97: 16200 | F97: 16548 | H97: 16200 | J97: 16200 | L97: =IF(H97=0, "n/a",(J97-H97)/H97) -> 0 | M97: 16200 | O97: 16200 | Q97: =IF(M97=0, "n/a",(O97-M97)/M97) -> 0 | R97: 16200 | S97: x | W97: Prize Money
A98: =A97+1 -> 94 | B98: Track & Field | C98: GP T&F | D98: 5000 | F98: 4400 | H98: 5000 | J98: 5000 | L98: =IF(H98=0, "n/a",(J98-H98)/H98) -> 0 | M98: 5000 | O98: 5000 | Q98: =IF(M98=0, "n/a",(O98-M98)/M98) -> 0 | R98: 5000 | S98: x | W98: Prize Money
A99: =A98+1 -> 95 | B99: Mountain Ultra Trail (MUT) | C99: GP Ultra | D99: 3000 | F99: 2942 | H99: 3000 | J99: 3000 | L99: =IF(H99=0, "n/a",(J99-H99)/H99) -> 0 | M99: 3000 | O99: 3000 | Q99: =IF(M99=0, "n/a",(O99-M99)/M99) -> 0 | R99: 3000 | S99: x | W99: Prize Money
A100: =A99+1 -> 96 | B100: Grand Prix Subtotal | E100: =SUM(D94:D99) -> 33400 | G100: =SUM(F94:F99) -> 33157.83 | I100: =SUM(H94:H99) -> 32200 | K100: =SUM(J94:J99) -> 33400 | L100: =IF(I100=0, "n/a",(K100-I100)/I100) -> 0.037267081 | N100: =SUM(M94:M99) -> 33400 | P100: =SUM(O94:O99) -> 33400 | Q100: =IF(N100=0, "n/a",(P100-N100)/N100) -> 0 | T100: =SUM(R94:R99) -> 33400 | V100: =SUM(U94:U99) -> 0
A101: =A100+1 -> 97 | B101: TRAVEL FUNDS
A102: =A101+1 -> 98 | B102: National Annual Meeting | C102: Travel Convent | D102: =18*1000 -> 18000 | F102: 10009.24 | H102: 6000 | J102: 6000 | L102: =IF(H102=0, "n/a",(J102-H102)/H102) -> 0 | M102: 20000 | O102: 20000 | Q102: =IF(M102=0, "n/a",(O102-M102)/M102) -> 0 | R102: 0 | W102: Odd years are via Zoom from 2025 on.
...

Sheet Event Analysis
C3: USATF-PA Event Income and Expenses | E3: 2024 | I3: 2025 | M3: 2026
C4: General Events | E4: Income | F4: Expense | G4: Net | I4: Income | J4: Expense | K4: Net | M4: Income | N4: Expense | O4: Net
C5: Pacific Masters T&F Champs | E5: ='Multiyear Budgets'!F19 -> 6076.55 | F5: ='Multiyear Budgets'!F73 -> 3293.61 | G5: =E5-F5 -> 2782.94 | I5: ='Multiyear Budgets'!J19 -> 0 | J5: ='Multiyear Budgets'!J73 -> 0 | K5: =I5-J5 -> 0 | M5: ='Multiyear Budgets'!M19 -> 0 | N5: ='Multiyear Budgets'!M73 -> 0 | O5: =M5-N5 -> 0
C6: Race Walking Champs | E6: ='Multiyear Budgets'!F20 -> 115 | F6: ='Multiyear Budgets'!F74 -> 1310 | G6: =E6-F6 -> -1195 | I6: ='Multiyear Budgets'!J20 -> 260 | J6: ='Multiyear Budgets'!J74 -> 1230 | K6: =I6-J6 -> -970 | M6: 300 | N6: 1230 | O6: =M6-N6 -> -930
C7: Pacific Open/Masters XC | E7: ='Multiyear Budgets'!F22 -> 18785 | F7: ='Multiyear Budgets'!F75 -> 7200 | G7: =E7-F7 -> 11585 | I7: ='Multiyear Budgets'!J22 -> 15000 | J7: ='Multiyear Budgets'!J75 -> 8000 | K7: =I7-J7 -> 7000 | M7: ='Multiyear Budgets'!M22 -> 15000 | N7: ='Multiyear Budgets'!M75 -> 8000 | O7: =M7-N7 -> 7000
C8: Pacific Indoor Meets | E8: ='Multiyear Budgets'!F23 -> 24000 | F8: ='Multiyear Budgets'!F76 -> 34000 | G8: =E8-F8 -> -10000 | I8: ='Multiyear Budgets'!J23 -> 65000 | J8: ='Multiyear Budgets'!J76 -> 65000 | K8: =I8-J8 -> 0 | M8: 83000 | N8: 83000 | O8: =M8-N8 -> 0
C9: Pacific College Club T&F Champs | E9: ='Multiyear Budgets'!F24 -> 1628 | F9: ='Multiyear Budgets'!F77 -> 5119.6 | G9: =E9-F9 -> -3491.6 | I9: ='Multiyear Budgets'!J24 -> 0 | J9: ='Multiyear Budgets'!J77 -> 0 | K9: =I9-J9 -> 0 | M9: 0 | N9: 0 | O9: =M9-N9 -> 0
C10: General Events Subtotal: | E10: =SUM(E5:E9) -> 50604.55 | F10: =SUM(F5:F9) -> 50923.21 | G10: =SUM(G5:G9) -> -318.66 | I10: =SUM(I5:I9) -> 80260 | J10: =SUM(J5:J9) -> 74230 | K10: =SUM(K5:K9) -> 6030 | M10: =SUM(M5:M9) -> 98300 | N10: =SUM(N5:N9) -> 92230 | O10: =SUM(O5:O9) -> 6070
C12: Youth Events | E12: Income | F12: Expense | G12: Net | I12: Income | J12: Expense | K12: Net | M12: Income | N12: Expense | O12: Net
C13: Pacific Youth T&F Champs (PAC) | E13: ='Multiyear Budgets'!F28 -> 0 | F13: ='Multiyear Budgets'!F80 -> 0 | G13: =E13-F13 -> 0 | I13: ='Multiyear Budgets'!J28 -> 0 | J13: ='Multiyear Budgets'!J80 -> 0 | K13: =I13-J13 -> 0 | O13: =M13-N13 -> 0
C14: Pacific JO T&F (Top 8) | E14: ='Multiyear Budgets'!F29 -> 39203.4 | F14: ='Multiyear Budgets'!F81 -> 27182.56 | G14: =E14-F14 -> 12020.84 | I14: ='Multiyear Budgets'!J29 -> 21500 | J14: ='Multiyear Budgets'!J81 -> 30000 | K14: =I14-J14 -> -8500 | O14: =M14-N14 -> 0
C15: Region 14 Combined Events | E15: ='Multiyear Budgets'!F31 -> 4330 | F15: ='Multiyear Budgets'!F82 -> 3990 | G15: =E15-F15 -> 340 | I15: ='Multiyear Budgets'!J31 -> 3500 | J15: ='Multiyear Budgets'!J82 -> 4700 | K15: =I15-J15 -> -1200 | M15: ='Multiyear Budgets'!M31 -> 4000 | N15: 4000 | O15: =M15-N15 -> 0
C16: Region 14 T&F (Top 5) | E16: ='Multiyear Budgets'!F30 -> 21579.74 | F16: ='Multiyear Budgets'!F84 -> 16856.35 | G16: =E16-F16 -> 4723.39 | I16: ='Multiyear Budgets'!J30 -> 0 | J16: ='Multiyear Budgets'!J84 -> 0 | K16: =I16-J16 -> 0 | M16: 40000 | N16: 35300 | O16: =M16-N16 -> 4700
C17: Pacific JO Cross Country | E17: ='Multiyear Budgets'!F32 -> 5430 | F17: ='Multiyear Budgets'!F85 -> 7950.17 | G17: =E17-F17 -> -2520.17 | I17: ='Multiyear Budgets'!J32 -> 5000 | J17: ='Multiyear Budgets'!J85 -> 4400 | K17: =I17-J17 -> 600 | M17: 5000 | N17: ='Multiyear Budgets'!M85 -> 4400 | O17: =M17-N17 -> 600
C18: Region JO Cross Country | E18: ='Multiyear Budgets'!F33 -> 0 | F18: ='Multiyear Budgets'!F87 -> 0 | G18: =E18-F18 -> 0 | I18: ='Multiyear Budgets'!J33 -> 6500 | J18: ='Multiyear Budgets'!J87 -> 4400 | K18: =I18-J18 -> 2100 | M18: ='Multiyear Budgets'!M33 -> 0 | N18: ='Multiyear Budgets'!M87 -> 0 | O18: =M18-N18 -> 0
C19: Youth Events Subtotal: | E19: =SUM(E14:E18) -> 70543.14 | F19: =SUM(F14:F18) -> 55979.08 | G19: =SUM(G14:G18) -> 14564.06 | I19: =SUM(I14:I18) -> 36500 | J19: =SUM(J14:J18) -> 43500 | K19: =SUM(K14:K18) -> -7000 | M19: =SUM(M14:M18) -> 49000 | N19: =SUM(N14:N18) -> 43700 | O19: =SUM(O14:O18) -> 5300
C21: USATF-PA Events Total: | E21: =E10+E19 -> 121147.69 | F21: =F10+F19 -> 106902.29 | G21: =G10+G19 -> 14245.4 | I21: =I10+I19 -> 116760 | J21: =J10+J19 -> 117730 | K21: =K10+K19 -> -970 | M21: =M10+M19 -> 147300 | N21: =N10+N19 -> 135930 | O21: =O10+O19 -> 11370
M34: Date: | N34: =TODAY() -> 46278

Sheet Budget Submissions
B4: 2027 Budget Submission Status by Committee
B6: Committee | C6: Point of Contact | D6: Submitted? | E6: Reflected in 2026 Budget | F6: Notes
B7: Men's T&F | C7: Fred Baer
B8: Women's T&F | C8: Amanda Alvaredo
B9: Master's T&F | C9: Pamela Mason
B10: Men's LDR | C10: Mark Murray | D10: - | E10: - | F10: This is combined LDR.
B11: Women's LDR | C11: Angie Ashworth | F11: This is combined LDR.
B12: Masters LDR | C12: Andy Crawford | D12: - | E12: - | F12: This is combined LDR.
B13: Race Walking | C13: Robin Stevens | D13: x | E13: x
B14: Youth | C14: Eric Stuart / Ed Hollshwandner | D14: x | E14: x
B15: Athletes | C15: Brendon Gregg
B16: Officials | C16: Phil Leake
B17: Coaches | C17: Dave Schrock | D17: x | E17: x
B18: Para Athletics | C18: Lee Webb
B19: Awards | C19: Ryan Cowley | D19: - | E19: - | F19: Not normally submitted.
B20: Communications | C20: LaDonna Aubert | D20: - | E20: - | F20: Not normally submitted.
B21: Media | C21: Payton Bilo | D21: - | E21: - | F21: Not normally submitted.
B22: Marketing | C22: Verity Breen | D22: - | E22: - | F22: Not normally submitted.
B23: Financial and Audit | C23: David Sander | D23: x | E23: x
B24: Membership | C24: Irene Herman | D24: - | E24: - | F24: Not normally submitted.
B28: 2026 Budget Submission Status by Committee
B30: Committee | C30: Point of Contact | D30: Submitted? | E30: Reflected in 2026 Budget | F30: Notes
B31: Men's T&F | C31: Fred Baer
B32: Women's T&F | C32: Amanda Alvaredo
B33: Master's T&F | C33: Pamela Mason
B34: Men's LDR | C34: Mark Murray | D34: - | E34: - | F34: This is combined LDR.
B35: Women's LDR | C35: Angie Longworth/Cindy Reed | D35: x | E35: x | F35: This is combined LDR.
B36: Masters LDR | C36: Andy Crawford | D36: - | E36: - | F36: This is combined LDR.
B37: Race Walking | C37: Robin Stevens | D37: x | E37: x
B38: Youth | C38: Eric Stuart / Ed Hollshwandner | D38: x | E38: x
B39: Athletes | C39: Brendon Gray
B40: Officials | C40: Phil Leake | D40: x | E40: x
B41: Coaches | C41: Dave Schrock | D41: x | E41: x
B42: Para Athletics | C42: Lee Webb
B43: Awards | C43: Ryan Cowley | D43: - | E43: - | F43: Not normally submitted.
B44: Communications | C44: Cinsee Calvin | D44: - | E44: - | F44: Not normally submitted.
B45: Media | C45: Fred Baer | D45: - | E45: - | F45: Not normally submitted.
B46: Marketing | C46: ( Irene Herman ) | D46: - | E46: - | F46: Not normally submitted.
B47: Financial and Audit | C47: David Sander | D47: x | E47: x
B48: Membership | C48: Irene Herman | D48: - | E48: - | F48: Not normally submitted.
